 Dungeon Crawl Stone Soup version 0.28-b1-78-gc65acfa365 (webtiles) character file.

Game seed: 10947142340400383547

144 BabyfaceFinlayson the Cudgeller (level 5, -2/49 HPs)
             Began as a Gargoyle Berserker on Feb 4, 2022.
             Was a Believer of Trog.
             Slain by a gnoll (12 damage)
             ... on level 3 of the Dungeon.
             The game lasted 00:05:30 (2909 turns).

BabyfaceFinlayson the Cudgeller (GrBe)              Turns: 2909, Time: 00:05:31

Health: -2/49      AC:  7    Str: 22    XL:     5   Next: 26%
Magic:  5/5        EV: 12    Int:  8    God:    Trog [**....]
Gold:   97         SH:  0    Dex:  9    Spells: 4/4 levels left

rFire   . . .      SeeInvis .   g - +7 Throatcutter {drain, coup de grace}
rCold   . . .      Faith    .   (no shield)
rNeg    + . .      Spirit   .   b - +0 animal skin
rPois   ∞          Reflect  .   (no helmet)
rElec   +          Harm     .   (no cloak)
rCorr   .          Rampage  .   f - +0 pair of gloves
Will    .....                   (no boots)
Stlth   ..........              (no amulet)
HPRegen 0.16/turn               (no ring)
MPRegen 0.09/turn               (no ring)

@: berserking, lit by a corona, hasted, glowing, very quick
A: sickness immunity, AC +4, negative energy resistance 1, electricity
resistance, torment resistance 1, petrification resistance
a: Renounce Religion, Berserk, Trog's Hand


You were on level 3 of the Dungeon.
You worshipped Trog.
Trog was pleased with you.
You visited 1 branch of the dungeon, and saw 3 of its levels.

You collected 97 gold pieces.

Inventory:

Hand Weapons
 a - a +0 mace
 g - the +7 Throatcutter (weapon) {drain, coup de grace}
   (You found it on level 2 of the Dungeon)

   A truly terrible weapon, it drains the life of any living foe it strikes.
   It may instantly kill foes which have little health.
Armour
 b - a +0 animal skin (worn)
 f - a +0 pair of gloves (worn)
Wands
 i - a wand of paralysis (10)
Scrolls
 c - a scroll of amnesia {unknown}
Potions
 d - a potion of haste
 e - a potion of curing {unknown}
 h - a potion of magic {unknown}


   Skills:
 + Level 4.0 Fighting
 + Level 0.4 Long Blades
 + Level 4.2 Maces & Flails
 + Level 2.3 Armour
 + Level 2.7 Dodging
 + Level 0.8 Stealth


You had 4 spell levels left.
You didn't know any spells.
Your spell library was empty.

Dungeon Overview and Level Annotations

Branches:
Dungeon (3/15)

Altars:
Cheibriados


Innate Abilities, Weirdness & Mutations

You are immune to sickness and miasma.
Your stone body is resilient. (AC +4)
You are immune to poison.
You resist negative energy. (rN+)
You are resistant to electric shocks. (rElec)
You are resistant to unholy torment.
You are immune to petrification.


Message History

You slash the gnoll!
You kill the gnoll!
Trog accepts your kill.
Your Fighting skill increases to level 4!
You hit the gnoll shaman but do no damage.
The gnoll shaman hits you with a +0 club.
The gnoll barely misses you.
You slash the gnoll shaman! You drain the gnoll shaman.
The gnoll shaman is almost dead.
You hear a shout!
The gnoll shaman utters an invocation to its god.
The gnoll shaman is healed somewhat.
The gnoll barely misses you. The gnoll shaman completely misses you.
The gnoll shaman calls down the wrath of its god upon you.
You are outlined in light.
A gnoll comes into view. It is wielding a +0 spear.
It was a potion of haste.
You feel yourself speed up.
A red film seems to cover your vision as you go berserk!
You feel yourself moving faster!
You feel mighty! The gnoll closely misses you.
The gnoll shaman hits you with a +0 club.
* * * LOW HITPOINT WARNING * * *
You barely miss the gnoll shaman.
The gnoll shaman is severely wounded.
You slash the gnoll shaman!
You kill the gnoll shaman!
Trog accepts your kill. The gnoll hits you but does no damage.
You have reached level 5!
The gnoll hits you with a +0 halberd.
* * * LOW HITPOINT WARNING * * *
The gnoll hits you with a +0 spear.
* * * LOW HITPOINT WARNING * * *
Things that are here:
a +0 club; a +0 robe You slice the gnoll!!
You kill the gnoll!
Trog accepts your kill. The gnoll barely misses you.
The gnoll hits you with a +0 halberd!
You die...

#...........######
#..........†.....#
#...........####.#
#.....!.<....#
#............#
#............#
#...........##
#......g....+
#....).@)...#
####.#####..# ....
#.# #...g.. ...
#......# ##.
#......# #
######.# .+


You could see a gnoll.

Vanquished Creatures
  A gnoll shaman (D:3)
  2 gnolls (D:3)
  3 adders (D:2)
  A worm (D:2)
  2 dart slugs
  6 endoplasms
  2 giant cockroaches
  6 goblins
  5 hobgoblins
  A jackal (D:2)
  2 quokkas (D:1)
  12 ball pythons
  2 bats (D:2)
  4 frilled lizards
  5 kobolds
  4 rats (D:1)
58 creatures vanquished.

Notes
Turn   | Place    | Note
-------+----------+-------------------------------------------
     0 | D:1      | BabyfaceFinlayson the Gargoyle Berserker began the quest
                  | for the Orb.
     0 | D:1      | Reached XP level 1. HP: 14/14 MP: 1/1
   439 | D:1      | Reached XP level 2. HP: 18/19 MP: 2/2
   871 | D:1      | Reached XP level 3. HP: 18/24 MP: 3/3
  1505 | D:2      | Found a snail-covered altar of Cheibriados.
  1915 | D:2      | Reached ** piety under Trog
  1916 | D:2      | Reached XP level 4. HP: 18/29 MP: 4/4
  2216 | D:2      | Found the +7 Throatcutter {drain, coup de grace}
  2907 | D:3      | Reached XP level 5. HP: 14/33 MP: 5/5
  2909 | D:3      | Slain by a gnoll

Illustrated notes

Levels and vault maps discovered:
D:1:      dpeg_arrival_boxorama, layout_rooms, kennysheep_doodads,
          minmay_fountain_box
D:2:      wad_river_or_something, layout_loops_ring, basic_altar, serial_rivers,
          chequers_serial_rivers_micro_c, chequers_serial_rivers_large_a,
          chequers_serial_rivers_room_a, chequers_serial_rivers_small_3,
          chequers_serial_rivers_small_b, chequers_serial_rivers_marsh,
          st_stairs_6, minmay_split_cup_large
D:3:      layout_basic, lemuel_doored_altar, gammafunk_ghost_mausoleum

Skill      XL: |  1  2  3  4 |
---------------+-------------+-----
Dodging        | 2 |  2.7
Maces & Flails | 4 |  4.2
Fighting       | 4 |  4.0
Long Blades    | |  0.4
Armour         | |  2.3
Stealth        | |  0.8

Action                   |  1- 3 |  4- 6 || total
-------------------------+-------+-------++-------
Melee: Mace              |   123 |    24 ||   147
       Punch             |     1 |       ||     1
       Long sword        |       |    23 ||    23
Invok: Berserk           |       |     1 ||     1
  Use: Potion            |       |     1 ||     1
Armor: Animal skin       |    37 |    15 ||    52
Dodge: Dodged            |   108 |    37 ||   145
